 Dungeon Crawl Stone Soup version 0.31.0-4-g52a2dc7128 (webtiles) character file.

Game seed: 12172368402282463160

14 mdonais the Ducker (level 2, -2/22 HPs)
             Began as a Merfolk Earth Elementalist on Jan 21, 2024.
             Slain by a quokka (3 damage)
             ... on level 1 of the Dungeon.
             The game lasted 00:05:42 (604 turns).

mdonais the Ducker (Merfolk Earth Elementalist)      Turns: 604, Time: 00:05:43

Health: -2/22      AC:  3    Str:  7 (8)  XL:     2   Next: 45%
Magic:  0/5        EV: 12    Int: 11 (14) God:
Gold:   19         SH:  0    Dex: 13 (14) Spells: 4/5 levels left

rFire   . . .        d - +0 club
rCold   . . .        (no shield)
rNeg    . . .        a - +0 robe
rPois   .            (no helmet)
rElec   .            (no cloak)
rCorr   .            g - +0 pair of gloves
SInv    .            (no boots)
Will    .....        (no amulet)
Stlth   ++           (no ring)
HPRegen 0.23/turn    (no ring)
MPRegen 0.09/turn

%: no passive effects
@: very slightly contaminated
A: (nimble swimmer 2), mertail
a: no special abilities


You were on level 1 of the Dungeon.
You visited 1 branch of the dungeon, and saw 1 of its levels.

You collected 19 gold pieces.

Inventory:

Hand Weapons
 d - a +0 club (weapon)
   (You took it off a kobold on level 1 of the Dungeon)
Armour
 a - a +0 robe (worn)
 g - a +0 pair of gloves (worn)
   (You found it on level 1 of the Dungeon)
Scrolls
 c - a scroll of teleportation {unknown}
 e - a scroll of immolation {unknown}
Potions
 b - a potion of magic
 h - a potion of haste {unknown}


   Skills:
 + Level 2.2 Fighting
 - Level 2.6 Dodging
 - Level 2.1 Stealth
 - Level 2.0 Spellcasting
 - Level 0.7 Conjurations
 - Level 2.4 Earth Magic


You had 4 spell levels left.
You knew the following spells:

 Your Spells              Type           Power      Damage    Failure   Level
a - Sandblast             Erth           12%        2d6       11%         1

Your spell library contained the following spells:

 Spells                   Type           Power      Damage    Failure   Level
 Passwall                 Erth           6%         N/A       32%         3
 Stone Arrow              Conj/Erth      8%         3d7       43%         3
 Brom's Barrelling Bould  Conj/Erth      4%         2d3       83%         4
 Petrify                  Alch/Erth      3%         N/A       87%         4


Dungeon Overview and Level Annotations

Branches:
Dungeon (1/15) Zot: 5414

Altars:


Innate Abilities, Weirdness & Mutations

((You are very nimble when in or above water. (Stealth+, EV+, Speed+++)))
Your lower body shifts to a powerful aquatic tail in water.


Message History

The blast of sand hits the kobold!
You kill the kobold!
You hear a splash. x2
Training target 2.0 for Fighting reached!
Your Fighting skill increases to level 2!
You need to enable at least one skill for training.
You now have 3/5 mp.
Things that are here:
a +0 club; 5 stones
d - a +0 club
d - a +0 club (weapon)
MP restored: 5
Found a scroll labelled GYMUOC DAASUL and a club.
Found a bubbling amethyst potion.
You now have 9 gold pieces.
e - a scroll labelled GYMUOC DAASUL
f - a bubbling amethyst potion
Found a pair of gloves.
g - a +0 pair of gloves You start putting on your armour.
You continue putting on your +0 pair of gloves. x4
You finish putting on your +0 pair of gloves.
A dart slug comes into view.
You open the door. You hit the dart slug.
The dart slug is moderately wounded.
The dart slug bites you but does no damage.
Casting: Sandblast (safe; 9% risk of failure)
Confirm with . or Enter, or press ? or * to list all spells.
Aiming: Sandblast (safe; 9% risk of failure)
Press: ? - help, Shift-Dir - straight line, f - dart slug
Aim: a dart slug (moderately wounded, 100% to hit)
The blast of sand hits the dart slug.
The dart slug is severely wounded.
The dart slug bites you but does no damage.
You now have 4/5 mp.
Casting: Sandblast (safe; 9% risk of failure)
Confirm with . or Enter, or press ? or * to list all spells.
Aiming: Sandblast (safe; 9% risk of failure)
Press: ? - help, Shift-Dir - straight line, f/p - dart slug
Aim: a dart slug (severely wounded, 100% to hit)
The blast of sand hits the dart slug.
The dart slug is almost dead.
The dart slug bites you.
You take 2 damage, and have 20/22 hp.
You now have 3/5 mp.
Casting: Sandblast (safe; 9% risk of failure)
Confirm with . or Enter, or press ? or * to list all spells.
Aiming: Sandblast (safe; 9% risk of failure)
Press: ? - help, Shift-Dir - straight line, f/p - dart slug
Aim: a dart slug (almost dead, 100% to hit)
The blast of sand hits the dart slug.
You kill the dart slug!
You now have 2/5 mp.
You start resting.
HP restored.
Health restored: 22 You start resting.
Magic restored.
MP restored: 5 You see here a dart slug corpse.
There is an open door here.
A goblin comes into view. It is wielding a +0 club.
The goblin shouts!
There is an open door here.
Casting: Sandblast (safe; 9% risk of failure)
Confirm with . or Enter, or press ? or * to list all spells.
Aiming: Sandblast (safe; 9% risk of failure)
Press: ? - help, Shift-Dir - straight line, f - goblin
Aim: a goblin, wielding a +0 club (76% to hit)
The blast of sand hits the goblin!
You kill the goblin!
You now have 4/5 mp.
You see here a +0 club.
MP restored: 5
Found a sedimented pink potion.
h - a sedimented pink potion
Found 10 gold pieces.
You now have 19 gold pieces (gained 10).
You open the door.
There is an open door here.
A quokka comes into view.
Found 2 throwing nets.
The quokka twitches its whiskers.
The quokka closely misses you.
Casting: Sandblast (safe; 9% risk of failure)
Confirm with . or Enter, or press ? or * to list all spells.
Aiming: Sandblast (safe; 9% risk of failure)
Press: ? - help, Shift-Dir - straight line, f - quokka
Aim: a quokka (73% to hit)
The blast of sand misses the quokka.
The quokka bites you.
You take 1 damage, and have 21/22 hp.
You now have 4/5 mp.
You closely miss the quokka. The quokka barely misses you. x2
Casting: Sandblast (safe; 9% risk of failure)
Confirm with . or Enter, or press ? or * to list all spells.
Aiming: Sandblast (safe; 9% risk of failure)
Press: ? - help, Shift-Dir - straight line, f/p - quokka
Aim: a quokka (73% to hit)
You miscast Sandblast.
You are very lightly contaminated with residual magic.
Nothing appears to happen.
The quokka bites you.
You take 4 damage, and have 17/22 hp.
You now have 3/5 mp.
Casting: Sandblast (safe; 9% risk of failure)
Confirm with . or Enter, or press ? or * to list all spells.
Aiming: Sandblast (safe; 9% risk of failure)
Press: ? - help, Shift-Dir - straight line, f/p - quokka
Aim: a quokka (73% to hit)
The blast of sand misses the quokka.
The quokka closely misses you. The quokka bites you.
You take 3 damage, and have 14/22 hp.
You now have 2/5 mp.
Casting: Sandblast (safe; 9% risk of failure)
Confirm with . or Enter, or press ? or * to list all spells.
Aiming: Sandblast (safe; 9% risk of failure)
Press: ? - help, Shift-Dir - straight line, f/p - quokka
Aim: a quokka (73% to hit)
The blast of sand misses the quokka.
The quokka bites you. x2
You take 4 damage, and have 10/22 hp.
You now have 1/5 mp.
Casting: Sandblast (safe; 9% risk of failure)
Confirm with . or Enter, or press ? or * to list all spells.
Aiming: Sandblast (safe; 9% risk of failure)
Press: ? - help, Shift-Dir - straight line, f/p - quokka
Aim: a quokka (73% to hit)
You miscast Sandblast.
Nothing appears to happen.
The quokka bites you but does no damage.
You now have 0/5 mp.
The quokka attacks as it pursues you! The quokka closely misses you.
You barely miss the quokka. The quokka bites you.
The quokka bites you but does no damage.
You take 1 damage, and have 9/22 hp.
You hit the quokka.
The quokka is moderately wounded.
The quokka bites you.
* * * LOW HITPOINT WARNING * * *
You take 4 damage, and have 5/22 hp.
Casting: Sandblast (safe; 9% risk of failure)
Confirm with . or Enter, or press ? or * to list all spells.
Aiming: Sandblast (safe; 9% risk of failure)
Press: ? - help, Shift-Dir - straight line, f/p - quokka
Aim: a quokka (moderately wounded, 73% to hit)
The blast of sand hits the quokka.
The quokka is almost dead.
The quokka bites you.
* * * LOW HITPOINT WARNING * * *
The quokka bites you.
* * * LOW HITPOINT WARNING * * *
You take 4 damage, and have 1/22 hp.
You now have 0/5 mp.
It was a potion of degeneration.
There was something very wrong with that liquid.
You feel weakened.
You feel dopey.
You feel clumsy. The quokka bites you.
You die...

#...# #...#..#..... #...#
#...#..#..).. #...#
#...#........ . #...#
#.).#........ .. #...#
#...#........ ... #...#
#...#........ .(.. #...#
#...#........ .....
##'#####'##........
......##@#......†........
.......r.................
.........................
.........................
...#................#####
.. #......########### .
#......# ##....## #....#


You could see a quokka.

Vanquished Creatures
  A dart slug (D:1)
  An endoplasm (D:1)
  2 goblins (D:1)
  3 jackals (D:1)
  A kobold (D:1)
  2 bats (D:1)
10 creatures vanquished.

Notes
Turn   | Place    | Note
-------+----------+-------------------------------------------
     0 | D:1      | mdonais the Merfolk Earth Elementalist began the quest for
                  | the Orb.
     0 | D:1      | Reached XP level 1. HP: 13/13 MP: 3/3
   142 | D:1      | Reached skill level 1 in Fighting
   309 | D:1      | Reached XP level 2. HP: 22/22 MP: 3/5
   603 | D:1      | HP: 1/22 [quokka (3)]
   604 | D:1      | Slain by a quokka

Illustrated notes

Levels and vault maps discovered:
D:1:      lightli_arrival_maybe_door_vault, layout_basic, nrook_uturn,
          serial_bayou_lagoon_a

Skill      XL: |  1  2 |
---------------+-------+-----
Fighting       | 1 2 |  2.2
Dodging        | |  2.6
Stealth        | |  2.1
Spellcasting   | |  2.0
Conjurations   | |  0.7
Earth Magic    | |  2.4

Action                     || total
---------------------------++-------
  Melee: Unarmed           ||    31
         Punch             ||     2
         Tailslap          ||     1
         Club              ||     4
   Cast: Sandblast         ||    17
    Use: Potion            ||     1
   Stab: Sleeping          ||     1
 Armour: Robe              ||    27
  Dodge: Dodged            ||    24
